 Dungeon Crawl Stone Soup version 0.30-a0-800-g7c544603b3 (webtiles) character file.

Game seed: 5017562720398291736

4 testman the Prestidigitator (level 1, 0/13 HPs)
             Began as a Gnoll Wanderer on Feb 21, 2023.
             Slain by an endoplasm (2 damage)
             ... on level 1 of the Dungeon.
             The game lasted 00:00:47 (101 turns).

testman the Prestidigitator (Gnoll Wanderer)         Turns: 101, Time: 00:00:47

Health: 0/13       AC:  3    Str:  8    XL:     1   Next: 70%
Magic:  4/4        EV: 10    Int:  7    God:
Gold:   12         SH:  5    Dex: 18    Spells: 5/5 levels left

rFire   . . .      SeeInvis .    a - +0 dagger
rCold   . . .      Faith    .    c - +0 buckler
rNeg    . . .      Spirit   .    e - +0 leather armour
rPois   .          Reflect  .    (no helmet)
rElec   .          Harm     .    (no cloak)
rCorr   .          Rampage  .    (no gloves)
Will    .....                    (no boots)
Stlth   +                        (no amulet)
HPRegen 0.22/turn                (no ring)
MPRegen 0.09/turn                (no ring)

@: no status effects
A: fangs 1, strong nose, distributed training
a: no special abilities


You were on level 1 of the Dungeon.
You visited 1 branch of the dungeon, and saw 1 of its levels.

You collected 12 gold pieces.

Inventory:

Hand Weapons
 a - a +0 dagger (weapon)
Armour
 c - a +0 buckler (worn)
 e - a +0 leather armour (worn)
Wands
 f - a wand of flame (20) (quivered)
Scrolls
 d - a scroll of teleportation
Potions
 b - 2 potions of curing


   Skills:
 + Level 0.1 Fighting
 + Level 0.1 Short Blades
 + Level 0.1 Long Blades
 + Level 0.1 Axes
 + Level 0.1 Maces & Flails
 + Level 0.1 Polearms
 + Level 0.1 Staves
 + Level 0.1 Ranged Weapons
 + Level 0.1 Throwing
 + Level 2.4 Armour
 + Level 0.1 Dodging
 + Level 0.1 Stealth
 + Level 2.4 Shields
 + Level 4.4 Unarmed Combat
 + Level 2.6 Spellcasting
 + Level 0.1 Conjurations
 + Level 0.1 Hexes
 + Level 0.1 Summonings
 + Level 0.1 Necromancy
 + Level 0.1 Translocations
 + Level 0.1 Transmutations
 + Level 0.1 Fire Magic
 + Level 0.1 Ice Magic
 + Level 0.1 Air Magic
 + Level 0.1 Earth Magic
 + Level 0.1 Poison Magic
 + Level 2.4 Invocations
 + Level 8.4 Evocations


You had 5 spell levels left.
You didn't know any spells.
Your spell library contained the following spells:

 Spells                   Type           Power      Damage    Failure   Level
 Scorch                   Fire           2%         2d5       69%         2
 Flame Wave               Conj/Fire      1%         2d4       100%        4
 Summon Cactus Giant      Summ           0%         N/A       100%        6


Dungeon Overview and Level Annotations

Branches:
Dungeon (1/15)

Altars:


Innate Abilities, Weirdness & Mutations

You have very sharp teeth.
Your uncanny sense of smell can sniff out nearby items.
Your experience applies equally to all skills.


Message History

An endoplasm comes into view.
There is a stone staircase leading down here.
The endoplasm quivers.
A ball python comes into view.
The frilled lizard hisses angrily.
You hit the endoplasm but do no damage.
The ball python hisses angrily.
An endoplasm comes into view.
The endoplasm closely misses you.
The endoplasm quivers.
You hit the endoplasm but do no damage.
You bite the endoplasm, but do no damage.
You block the frilled lizard's attack. The endoplasm hits you.
You hit the endoplasm.
The endoplasm is heavily wounded.
The endoplasm barely misses you. The frilled lizard barely misses you.
You hit the endoplasm.
You kill the endoplasm!
The frilled lizard closely misses you.
You hit the ball python but do no damage.
The ball python bites you. The ball python misses you.
The frilled lizard barely misses you.
The ball python bites you but does no damage.
The ball python grabs you. The ball python constricts you.
You barely miss the ball python.
You bite the ball python, but do no damage.
The frilled lizard bites you. The ball python barely misses you.
The ball python constricts you.
You hit the ball python.
The ball python is severely wounded.
The frilled lizard closely misses you. The ball python bites you.
The ball python constricts you.
You are too injured to fight recklessly!
You escape the ball python's grasp.
The endoplasm attacks as you move away! The endoplasm barely misses you.
The frilled lizard attacks as you move away!
The frilled lizard bites you.
* * * LOW HITPOINT WARNING * * *
The endoplasm hits you.
You die...

#)......#......###........#
#.....#...###..†........#..
#.....#...##..##........##.
#......................###.
#....##...^......#.........
#... ##.........######.....
#.. #..>..###### #......##
#. #....######....#.#.##. #
#...l@......## #.#.##.
#.$.J######## #......
#...S.# #..#.## #.........
##...# ............#
#............#
.............#
#............# #
##..........## #


You could see an endoplasm, a ball python and a frilled lizard.

Vanquished Creatures
  2 bats (D:1)
  An endoplasm (D:1)
  A frilled lizard (D:1)
  A rat (D:1)
5 creatures vanquished.

Notes
Turn   | Place    | Note
-------+----------+-------------------------------------------
     0 | D:1      | testman the Gnoll Wanderer began the quest for the Orb.
     0 | D:1      | testman set off with the following items: a +0 dagger, a
                  | potion of curing, a +0 buckler, a scroll of teleportation,
                  | a +0 leather armour, a wand of flame (20).
     0 | D:1      | Reached XP level 1. HP: 13/13 MP: 4/4
   101 | D:1      | Slain by an endoplasm

Illustrated notes

Levels and vault maps discovered:
D:1:      dpeg_arrival_tiny_a, layout_rooms, minmay_pentomino_r4

Action                     || total
---------------------------++-------
  Melee: Dagger            ||    20
         Bite              ||     3
   Stab: Sleeping          ||     1
 Armour: Leather armour    ||     4
  Dodge: Dodged            ||    12
  Block: Buckler           ||     3

Table legend: (Time is in decaauts)
 A = Elapsed time spent in this place.
 B = Non-inter-level travel time spent in this place.
 C = Inter-level travel time spent in this place.
 D = Time resting spent in this place.
 E = Time spent auto-exploring this place.
 F = Levels seen in this place.
 G = Mean time per level.
                   A        B        C        D        E       F      G
               +--------+--------+--------+--------+--------+-----+--------+
         Total |    101 |    101 |      0 |      0 |     51 |   1 |  101.0 |
       Dungeon |    101 |    101 |      0 |      0 |     51 |   1 |  101.0 |
               +--------+--------+--------+--------+--------+-----+--------+

Top non-repeatable levels by time:
     D:1: 101 daAuts
